 Dungeon Crawl Stone Soup version 0.19.1 (webtiles) character file.

153 KingBobo974 the Vandal (level 5, -2/45 HPs)
             Began as a Centaur Hunter on Dec 13, 2016.
             Slain by a goblin
             ... wielding a +0 club
             ... led by Robin
              (5 damage)
             ... on level 3 of the Dungeon.
             The game lasted 00:04:21 (1467 turns).

KingBobo974 the Vandal (Centaur Hunter)             Turns: 1467, Time: 00:04:22

Health: -2/45      AC:  5    Str: 16    XL:     5   Next: 12%
Magic:  5/5        EV:  8    Int: 10    God:
Gold:   181        SH:  0    Dex:  9    Spells: 0 memorised, 4 levels left

rFire  . . .     SeeInvis .     a - +1 hunting sling
rCold  . . .     Gourm    .     p - +0 ring mail (curse)
rNeg   . . .     Faith    .     (no shield)
rPois  .         Spirit   .     (no helmet)
rElec  .         Reflect  .     (no cloak)
rCorr  .         Harm     .     (no gloves)
MR     .....                    (no barding)
Stlth  ..........               (no amulet)
                                (no ring)
                                (no ring)

@: lethally poisoned (-2 -> -4), very quick
A: hooves 3, deformed body, speed 2, tough skin 3
a: no special abilities


You were on level 3 of the Dungeon.
You were not hungry.

You visited 1 branch of the dungeon, and saw 3 of its levels.

You collected 181 gold pieces.

Inventory:

Hand Weapons
 a - a +1 hunting sling (weapon)
 b - a +0 short sword
 l - a +0 spear of venom
Missiles
 h - 33 stones (quivered)
Armour
 c - a +0 leather armour
 p - a cursed +0 ring mail (worn)
Scrolls
 e - a scroll of teleportation {unknown}
 i - 5 scrolls of remove curse {unknown}
 n - 4 scrolls of identify {unknown}
 o - 2 scrolls of magic mapping {unknown}
 q - a scroll of random uselessness {unknown}
 u - a scroll of fog {unknown}
Potions
 g - a potion of degeneration {unknown}
 j - a potion of curing {unknown}
 r - a potion of flight {unknown}
 s - a potion of brilliance {unknown}
Comestibles
 f - 2 bread rations
 k - a meat ration
 m - a slice of pizza
 t - 2 beef jerkies


   Skills:
 + Level 3.3 Fighting
 + Level 5.5(5.9) Slings
 + Level 2.9(4.6) Throwing
 - Level 1.3 Dodging
 - Level 0.4 Stealth


You had 4 spell levels left.
You didn't know any spells.

Dungeon Overview and Level Annotations

Branches:
Dungeon (3/15)

Altars:
Dithmenos
Trog

Annotations:
D:3 Robin


Innate Abilities, Weirdness & Mutations

You have hooves in place of feet.
Armour fits poorly on your strangely shaped body.
You cover ground very quickly.
You have extremely tough skin. (AC +3)


Message History

The stone hits the hobgoblin.
You kill the hobgoblin!
Robin hits you but does no damage.
Firing (i - inventory):
h - 35 stones (quivered)
Press: ? - help, Shift-Dir - straight line, f/p - Robin
Aim: Robin, wielding a short sword of speed, wearing an animal skin and wearing a helmet (heavily wounded)
You shoot a stone. The stone hits Robin.
Robin is severely wounded.
The goblin closely misses you.
Robin says, "A pitiful Centaur like you will never find the ORB!"
Robin hits you but does no damage.
Firing (i - inventory):
h - 34 stones (quivered)
Press: ? - help, Shift-Dir - straight line, f/p - Robin
Aim: Robin, wielding a short sword of speed, wearing an animal skin and wearing a helmet (severely wounded)
You shoot a stone. The stone hits Robin.
Robin is severely wounded.
Robin hits you with a short sword of speed.
* * * LOW HITPOINT WARNING * * *
The goblin hits you with a club.
You die...

.......... .(( .. ..
############. ((( .#.
.............. .. .(.
..............
(((.................
(#(#. ........_....
((................
#g#...............
#@#..)............
#g#...............
#.#...............
#.#...............
#†#............... #
#.................
##..###...............
.............<........
#######...............


You could see Robin and a goblin.

Vanquished Creatures
  A howler monkey (D:3)
  Ijyb (D:3)
  An adder (D:3)
  3 worms
  A dart slug (D:2)
  A leopard gecko (D:1)
  3 giant cockroaches
  11 goblins
  9 hobgoblins
  3 jackals (D:1)
  7 kobolds
  A quokka (D:3)
  11 bats
  4 frilled lizards
  4 rats (D:1)
61 creatures vanquished.

Notes
Turn   | Place    | Note
-------+----------+-------------------------------------------
     0 | D:1      | KingBobo974 the Centaur Hunter began the quest for the Orb.
     0 | D:1      | Reached XP level 1. HP: 17/17 MP: 1/1
   131 | D:1      | Reached XP level 2. HP: 24/24 MP: 2/2
   519 | D:1      | Reached skill level 1 in Throwing
   531 | D:1      | Reached skill level 5 in Slings
   533 | D:1      | Reached XP level 3. HP: 19/30 MP: 3/3
  1018 | D:2      | Found a shadowy altar of Dithmenos.
  1083 | D:3      | Found a bloodstained altar of Trog.
  1317 | D:3      | Noticed Ijyb
  1332 | D:3      | Killed Ijyb
  1332 | D:3      | Reached XP level 4. HP: 36/37 MP: 4/4
  1445 | D:3      | Noticed Robin
  1450 | D:3      | Reached XP level 5. HP: 27/45 MP: 5/5
  1467 | D:3      | Slain by a goblin

Skill      XL: |  1  2  3  4 |
---------------+-------------+-----
Throwing       | 1 2 |  2.9
Slings         | 5 |  5.5
Fighting       | 3 |  3.3
Dodging        | |  1.3
Stealth        | |  0.4

Action                   |  1- 3 |  4- 6 || total
-------------------------+-------+-------++-------
 Fire: Hunting sling     |   145 |    66 ||   211
Armor: Leather armour    |    18 |       ||    18
       Ring mail         |    12 |    16 ||    28
Dodge: Dodged            |    21 |    16 ||    37
